Map: Ice and Chrome LE

Players

SortOf

  • Race: Zerg Zerg
  • League: Grandmaster
  • Spawn Location: 7:00

Denver - Winner!

  • Race: Zerg Zerg
  • League: Grandmaster
  • Spawn Location: 1:00

Event: DreamHack SC2 Masters 2020 Fall

VOD

Have the link to the VOD?

Description

Time

  • Played on: Sept. 4, 2020, 11:37 a.m.
  • Length: 7:30

All games in this series

Show
View Real Time Build Order
Export as new Build Order

SortOf Zerg 

Build Orders: Hatch First 

Get SALT Encoding   

  12  0:00  Drone  
  13  0:13  Overlord  
  13  0:18  Drone  
  14  0:31  Drone x2  
  16  0:49  Hatchery  
  15  0:52  Drone  
  15  0:55  Drone  
  17  0:59  Drone  
  17  1:00  Extractor  
  17  1:15  Spawning Pool  
  17  1:17  Drone  
  17  1:21  Drone  
  18  1:29  Drone  
  19  1:50  Overlord  
  19  2:03  Metabolic Boost  
  19  2:04  Queen  
  19  2:06  Zergling x6  
  24  2:13  Drone  
  24  2:14  Zergling x2  
  26  2:24  Zergling x4  
  28  2:34  Hatchery  
  28  2:35  Zergling x4  
  29  2:44  Zergling x4  
  30  2:53  Queen  
  30  2:54  Overlord  
  30  2:56  Zergling x2  
  33  3:07  Zergling x4  
  35  3:14  Zergling x6  
  35  3:19  Zergling x4  
  40  3:29  Overlord  
  40  3:36  Zergling x2  
  40  3:39  Drone  
  41  3:46  Drone  
  43  3:51  Drone  
  43  3:52  Drone  
  42  3:55  Drone  
  42  4:00  Drone  
  40  4:07  Zergling x8  
  40  4:08  Baneling Nest  
  37  4:12  Drone x2  
  37  4:15  Zergling x6  
  40  4:19  Zergling x4  
  42  4:30  Zergling x2  
  43  4:40  Zergling x6  
  43  4:45  Zergling x12  
  45  4:46  Zergling x4  
  45  4:50  Zergling x2  
  44  4:55  Queen  
  44  4:57  Zergling x2  
  39  5:06  Zergling x4  
  36  5:08  Zergling x2  
  36  5:11  Baneling x2  
  35  5:16  Zergling x2  
  35  5:19  Zergling x2  
  37  5:25  Zergling x2  
  38  5:31  Zergling x2  
  38  5:32  Baneling x3  
  39  5:39  Drone x3  
  39  5:41  Drone  
  42  5:46  Drone  
  44  5:50  Drone  
  44  5:56  Drone x2  
  44  6:00  Queen  
  46  6:08  Roach Warren  
  44  6:21  Overlord  
  44  6:22  Drone  
  45  6:27  Drone  
  45  6:28  Drone  
  45  6:29  Overlord  
  47  6:50  Roach x9  
  47  6:53  Roach  
  67  6:58  Zergling x4  
  69  7:02  Overlord  
  69  7:03  Extractor  
  69  7:04  Zergling x2  
  69  7:11  Zergling x8  
  69  7:13  Baneling x3  
Show
View Real Time Build Order
Export as new Build Order

Denver Zerg - Winner!

Build Orders: Hatch First 

Get SALT Encoding   

  12  0:00  Drone  
  13  0:12  Overlord  
  13  0:16  Drone  
  14  0:30  Drone  
  14  0:31  Drone  
  16  0:47  Hatchery  
  15  0:51  Drone  
  15  0:55  Drone  
  17  0:57  Drone  
  18  1:09  Extractor  
  17  1:12  Spawning Pool  
  17  1:15  Drone  
  17  1:19  Drone  
  18  1:28  Drone  
  19  1:38  Drone  
  20  1:49  Drone  
  21  1:59  Queen  
  21  2:00  Queen, Overlord  
  21  2:01  Zergling x2  
  26  2:09  Metabolic Boost  
  26  2:11  Drone x2  
  28  2:21  Drone  
  28  2:22  Drone  
  30  2:35  Hatchery  
  29  2:37  Drone x2  
  29  2:43  Queen  
  32  2:53  Drone  
  32  2:54  Baneling Nest  
  32  2:56  Overlord  
  32  2:59  Zergling x2  
  32  3:01  Zergling x2  
  34  3:06  Drone  
  34  3:12  Overlord  
  35  3:16  Drone x3  
  35  3:17  Zergling x2  
  35  3:18  Zergling x2  
  40  3:22  Zergling x2  
  41  3:28  Evolution Chamber  
  41  3:30  Evolution Chamber  
  41  3:31  Zergling x4  
  41  3:38  Baneling x3  
  41  3:45  Evolution Chamber x2  
  35  3:49  Zergling x6  
  38  3:55  Drone  
  38  3:59  Queen  
  38  4:01  Zergling x8  
  45  4:07  Drone  
  45  4:09  Drone x2  
  48  4:10  Drone  
  48  4:16  Drone  
  49  4:24  Hatchery  
  48  4:28  Drone x2  
  50  4:41  Lair  
  50  4:44  Extractor, Zergling x6  
  50  4:45  Extractor  
  51  4:49  Zergling x2  
  51  4:52  Overlord  
  50  4:53  Overlord  
  50  4:54  Overlord  
  45  5:09  Drone  
  45  5:10  Drone x4  
  45  5:11  Queen  
  47  5:16  Baneling  
  47  5:19  Spine Crawler  
  44  5:23  Baneling  
  44  5:25  Zergling x10  
  49  5:35  Evolution Chamber  
  38  5:44  Drone x5  
  38  5:46  Spire  
  42  5:50  Baneling x2  
  41  5:59  Drone x3  
  41  6:02  Extractor  
  43  6:08  Evolution Chamber  
  42  6:17  Drone x6  
  48  6:31  Drone x2  
  50  6:39  Overlord  
  50  6:51  Drone  
  51  6:58  Mutalisk  
  51  6:59  Mutalisk x5  
  63  7:01  Mutalisk  
  63  7:04  Mutalisk  
  63  7:08  Drone x3  
  70  7:18  Spine Crawler  
  70  7:20  Spine Crawler  
  68  7:23  Spine Crawler  

Tags
 
Add a new tag
Caveats
  • Supply blocks, unpowered buildings, or Contaminate may cause inaccurate times.
  • Supply counts are checked every 10 seconds.